 Dungeon Crawl Stone Soup version 0.32-a0-818-gb728d0252e (webtiles) character file.

Game seed: 12797219680461786404

44 Lanoc the Shooter (level 3, -2/28 HPs)
             Began as a Coglin Hunter on Mar 24, 2024.
             Slain by Terence
             ... wielding a +0 falchion
              (3 damage)
             ... on level 2 of the Dungeon.
             The game lasted 00:00:52 (852 turns).

Lanoc the Shooter (Coglin Hunter)                    Turns: 852, Time: 00:00:52

Health: -2/28      AC:  3    Str: 11    XL:     3   Next: 60%
Magic:  3/3        EV: 11    Int:  8    God:
Gold:   62         SH:  0    Dex: 19    Spells: 2/2 levels left

rFire   . . .        a - +2 sling {Suthep}
rCold   . . .        d - +0 sling {Juwon}
rNeg    . . .        c - +0 leather armour
rPois   .            (no helmet)
rElec   .            (no cloak)
rCorr   .            (no gloves)
SInv    .            (no boots)
Will    .....        (amulet unavailable)
Stlth   ++           (ring unavailable)
HPRegen 0.24/turn    (ring unavailable)
MPRegen 0.08/turn    (no gizmo)

%: no passive effects
@: revved
A: off-hand wielding, slow wielding, warmup strikes, no jewellery
a: Invent Gizmo


You were on level 2 of the Dungeon.
You visited 1 branch of the dungeon, and saw 2 of its levels.

You collected 62 gold pieces.

Inventory:

Hand Weapons
 a - a +2 sling (weapon) {Suthep}
 d - a +0 sling (offhand) {Juwon}
Armour
 c - a +0 leather armour (worn)
Wands
 m - a wand of flame (19)
Scrolls
 b - a scroll of butterflies
 e - 2 scrolls of poison {unknown}
 f - a scroll of noise {unknown}
 g - a scroll of blinking {unknown}
 h - a scroll of teleportation {unknown}
 i - a scroll of amnesia {unknown}
 k - a scroll of revelation {unknown}
Potions
 l - a potion of lignification {unknown}


   Skills:
 + Level 2.5 Fighting
 * Level 4.2 Ranged Weapons
 + Level 2.3 Dodging
 - Level 0.7 Stealth


You had 2 spell levels left.
You didn't know any spells.
Your spell library contained the following spells:

 Spells                   Type           Power      Damage    Failure   Level
 Freeze                   Ice            0%         1d3       50%         1
 Frozen Ramparts          Ice            0%         1d1       86%         3
 Hailstorm                Conj/Ice       0%         3d5       86%         3


Dungeon Overview and Level Annotations

Branches:
Dungeon (2/15)

Altars:

Annotations:
D:2 Terence


Innate Abilities, Weirdness & Mutations

You can wield a second weapon in your off-hand.
It takes a long time for you to wield or remove held weapons.
Your first few attacks do less damage.
You cannot equip rings or amulets.


Message History

You shoot a sling bullet.
The sling bullet hits Terence but does no damage.
Terence is lightly wounded.
You shoot a sling bullet.
The sling bullet completely misses Terence.
The sling bullet hits the hobgoblin.
The hobgoblin is severely wounded.
Terence hits you with a +0 falchion.
* * * LOW HITPOINT WARNING * * *
Fire: a) +2 sling {Suthep}
Press: ? - help, Q - select action, (/) - cycle Shift-Dir - straight line, f/p - Terence
Aim: Terence, wielding a +0 falchion and wearing a +0 chain mail (lightly wounded, 71% to hit)
You shoot a sling bullet. The sling bullet hits Terence.
Terence is moderately wounded.
You shoot a sling bullet. The sling bullet barely misses Terence.
The sling bullet hits the hobgoblin.
You kill the hobgoblin!
Terence hits you with a +0 falchion.
* * * LOW HITPOINT WARNING * * *
Fire: a) +2 sling {Suthep}
Press: ? - help, Q - select action, (/) - cycle Shift-Dir - straight line, f/p - Terence
Aim: Terence, wielding a +0 falchion and wearing a +0 chain mail (moderately wounded, 71% to hit)
You shoot a sling bullet. The sling bullet hits Terence.
Terence is heavily wounded.
You shoot a sling bullet. The sling bullet barely misses Terence.
Terence misses you.
Fire: a) +2 sling {Suthep}
Press: ? - help, Q - select action, (/) - cycle Shift-Dir - straight line, f/p - Terence
Aim: Terence, wielding a +0 falchion and wearing a +0 chain mail (heavily wounded, 71% to hit)
You shoot a sling bullet.
The sling bullet hits Terence but does no damage.
Terence is heavily wounded.
You shoot a sling bullet.
The sling bullet closely misses Terence.
Terence hits you with a +0 falchion.
* * * LOW HITPOINT WARNING * * *
It was a potion of cancellation.
You feel magically purged. Terence hits you with a +0 falchion.
You die...
Terence says, "That felt goooood."

.....~~....~....#
....~..~~..~....#
....~..†.~~.....##
....)~~⌠.........#
......⌠~~........#
...~~....~....#..# ..
..~.†~~..~..[.#..###....
..)....~~.....#.........
...~~.........##@###....
....~~..).....##@### ..
.###~~~~~~###.##...# ..#
#~~~~# ######.# #.# ####
#...g......... #.#
#.####..####.. #.# ....
..# ###.. ..# ...


You could see Terence.

Vanquished Creatures
  A gnoll (D:1)
  A dart slug (D:1)
  A ribbon worm (D:2)
  An orc (D:2)
  5 ball pythons
  An endoplasm (D:1)
  2 hobgoblins
  5 jackals
  3 kobolds
  3 goblins
  4 rats
27 creatures vanquished.

Notes
Turn   | Place    | Note
-------+----------+-------------------------------------------
     0 | D:1      | Lanoc the Coglin Hunter began the quest for the Orb.
     0 | D:1      | Reached XP level 1. HP: 16/16 MP: 1/1
   129 | D:1      | Reached XP level 2. HP: 22/22 MP: 2/2
   206 | D:1      | Reached skill level 4 in Ranged Weapons
   206 | D:1      | Reached XP level 3. HP: 28/28 MP: 3/3
   837 | D:2      | Noticed Terence
   851 | D:2      | HP: 1/28 [Terence/+0 falchion (5)]
   852 | D:2      | Slain by Terence

Illustrated notes

Levels and vault maps discovered:
D:1:      psy_arrival_conway, layout_basic
D:2:      cheibrodos_helix_gallery, layout_basic, serial_glass, glass_columns_a,
          glass_columns_a, uniq_terence

Skill      XL: |  1  2 |
---------------+-------+-----
Dodging        | 2 |  2.3
Ranged Weapons | 4 |  4.2
Fighting       | |  2.5
Stealth        | |  0.7

Action                     || total
---------------------------++-------
   Fire: Sling             ||   122
    Use: Potion            ||     1
 Armour: Leather armour    ||    15
  Dodge: Dodged            ||     8

Table legend: (Time is in decaauts)
 A = Elapsed time spent in this place.
 B = Non-inter-level travel time spent in this place.
 C = Inter-level travel time spent in this place.
 D = Time resting spent in this place.
 E = Time spent auto-exploring this place.
 F = Levels seen in this place.
 G = Mean time per level.
                   A        B        C        D        E       F      G
               +--------+--------+--------+--------+--------+-----+--------+
         Total |    870 |    864 |      6 |      0 |    745 |   2 |  435.0 |
       Dungeon |    870 |    864 |      6 |      0 |    745 |   2 |  435.0 |
               +--------+--------+--------+--------+--------+-----+--------+

Top non-repeatable levels by time:
     D:1: 644 daAuts
     D:2: 226 daAuts
